 Dungeon Sprint DCSS version 0.27-a0-773-gaaee5cf45b (webtiles) character file.

Game seed: 6407692680580713605

3200000 sahdkjhfkaj the Intangible (level 14, -6/91 HPs)
             Began as a Felid Warper on Mar 26, 2021.
             Was a Believer of Makhleb.
             Mangled by a bag of meat
             ... wielding a +9 war axe
              (33 damage)
             ... in the Dungeon (Sprint VIII: "Arena of Blood").
             The game lasted 00:00:59 (32 turns).

sahdkjhfkaj the Intangible (Felid Warper)             Turns: 32, Time: 00:00:59

Health: -6/91      AC:  3    Str:  7    XL:     14   Next: 41%
Magic:  35/35      EV: 38    Int: 20    God:    Makhleb [**....]
Gold:   0          SH:  0    Dex: 17    Spells: 45/45 levels left
                                        Lives:  0   Deaths: 3

rFire    . . .     SeeInvis +     - Unarmed
rCold    + . .     Faith    .   (shield unavailable)
rNeg     . . .     Spirit   .   (armour unavailable)
rPois    .         Reflect  .   (helmet unavailable)
rElec    .         Harm     .   (cloak unavailable)
rCorr    .         Rampage  .   (gloves unavailable)
Will     ++...     NoTele   +   (boots unavailable)
Stlth    +++++.....             (no amulet)
HPRegen  0.25/turn              a - +27000 ring of slaying
MPRegen  0.24/turn              (no ring)

@: quick
A: very small, claws 1, fangs 3, see invisible, speed 1, shaggy fur 3, stealthy
paws, no weapons or thrown items, no armour, multi-lived
a: Renounce Religion, Minor Destruction


You were in the Dungeon.
You worshipped Makhleb.
Makhleb was pleased with you.
You visited 1 branch

Inventory:

Jewellery
 a - a +27000 ring of slaying (right paw)
Scrolls
 b - a scroll of blinking
Potions
 c - a potion of curing
 d - a potion of heal wounds
 e - a potion of haste
 f - 2 potions of magic
 g - a potion of berserk rage


   Skills:
 O Level 27 Fighting
 O Level 27 Dodging
 + Level 11.1 Stealth
 + Level 8.3 Unarmed Combat
 + Level 16.2 Spellcasting
 + Level 7.2 Conjurations
 + Level 11.1 Hexes
 + Level 7.9 Summonings
 + Level 7.9 Necromancy
 + Level 21.8 Translocations
 + Level 8.7 Transmutations
 + Level 7.2 Fire Magic
 + Level 8.3 Ice Magic
 + Level 7.2 Air Magic
 + Level 7.2 Earth Magic
 + Level 7.2 Poison Magic
 + Level 7.9 Invocations
 + Level 7.1 Evocations


You had 45 spell levels left.
You didn't know any spells.
Your spell library contained the following spells:

 Spells                   Type           Power      Damage    Failure   Level
 Blink                    Tloc           N/A        N/A       0%          2
 Gell's Gravitas          Tloc           40%        N/A       0%          3
 Lesser Beckoning         Tloc           40%        N/A       0%          3
 Teleport Other           Tloc           81%        N/A       0%          3
 Manifold Assault         Tloc           81%        N/A       0%          5


Dungeon Overview and Level Annotations

Branches:
Dungeon (1/1)

Altars:
Makhleb


Innate Abilities, Weirdness & Mutations

You have sharp claws.
You have razor-sharp teeth.
You have supernaturally acute eyesight. (SInv)
You cover ground quickly. (Speed+)
Your thick and shaggy fur keeps you warm. (AC +3, rC+)
Your stealthy paws help you sneak and pounce on unaware monsters.
You are incapable of wielding weapons or throwing items.
You cannot wear armour.
You gain extra lives every three experience levels.


Message History

The bag of meat shouts! x2; You hear a shout! x7
You continue memorising.
The bag of meat shouts!
You hear a shout! x5
The bag of meat hits you with a +9 war axe!
Your memorisation is interrupted.
You hear a shout! x5
The destroyer blinks!
You hear a shout!
You eviscerate the bag of meat!!!!!!!!
You kill the bag of meat!
Makhleb accepts your kill.
You hear a shout! x3
The bag of meat hits you with a +9 war axe!!
A bag of meat comes into view. It is wielding a +9 war axe.
The bag of meat hits you with a +9 war axe!
* * * LOW HITPOINT WARNING * * *
You hear a shout! x2
Your Stealth skill gained 2 levels and is now at level 11!
Your Unarmed Combat skill increases to level 8!
Your Conjurations skill increases to level 7!
Your Hexes skill gained 2 levels and is now at level 11!
Your Summonings skill increases to level 7!
Your Necromancy skill increases to level 7!
Your Transmutations skill increases to level 8!
Your Fire Magic skill increases to level 7!
Your Ice Magic skill increases to level 8!
Your Air Magic skill increases to level 7!
Your Earth Magic skill increases to level 7!
Your Poison Magic skill increases to level 7!
Your Invocations skill increases to level 7!
Your Evocations skill gained 2 levels and is now at level 7!
Welcome back to level 14!
Unknown command.
You eviscerate the bag of meat!!!!!!!!!!!
You kill the bag of meat!
Makhleb accepts your kill.
You hear a shout! x3
The destroyer blinks!
The bag of meat hits you with a +9 war axe!!
You die...

..#..........#
..#.......... ...#......OV
....#...................
........oo..o... .......
......ooO.Oo.....o......
.....§o)#.o.....# .o...o
#..Oo@#.......# ......
#.....O###oo.....###.....
.........o.###V..o..O...
...#.....oo.OOo.OOooo...
.#.......#..o..#oo†ooo.#
##. .....O.#ooo._#.O.o..o.
....#.......#...oo#..O...#.
...o..#OV.ooo.._O..........
..o..oO†.oooo.###oo.......#


You could see a destroyer, a large bag of meat (inner flame), 3 meat berserkers
and 6 bags of meat.

Vanquished Creatures
  4 ogres (D)
  3 orcs (D)
7 creatures vanquished.

Notes
Turn   | Place    | Note
-------+----------+-------------------------------------------
     0 | D        | sahdkjhfkaj the Felid Warper began the quest for the Orb.
     0 | D        | Reached XP level 1. HP: 9/9 MP: 4/4
     2 | D        | Noticed a meat berserker
     3 | D        | Became a worshipper of Makhleb the Destroyer
     3 | D        | Noticed a bag of meat
     4 | D        | Noticed a bag of meat
     5 | D        | Noticed a bag of meat
     5 | D        | Noticed a bag of meat
     5 | D        | Noticed a meat berserker
     7 | D        | Noticed a bag of meat
     7 | D        | Noticed a meat berserker
     8 | D        | Noticed a bag of meat
     8 | D        | Noticed a bag of meat
     8 | D        | Noticed a bag of meat
     8 | D        | Noticed a bag of meat
     8 | D        | Noticed a bag of meat
     8 | D        | Noticed a bag of meat
     9 | D        | Killed a bag of meat
     9 | D        | Noticed a bag of meat
     9 | D        | Noticed a bag of meat
     9 | D        | Noticed a meat berserker
    10 | D        | Reached XP level 2. HP: 25/25 MP: 4/17
    10 | D        | Reached XP level 3. HP: 29/29 MP: 4/19
    10 | D        | Reached XP level 4. HP: 33/33 MP: 4/20
    10 | D        | Reached XP level 5. HP: 37/37 MP: 4/22
    10 | D        | Gained mutation: You are covered in thick fur. (AC +2)
                  | [Felid growth]
    10 | D        | Reached XP level 6. HP: 41/41 MP: 4/23
    10 | D        | Reached XP level 7. HP: 45/45 MP: 4/25
    10 | D        | Reached XP level 8. HP: 49/49 MP: 4/26
    10 | D        | Reached XP level 9. HP: 52/52 MP: 4/27
    10 | D        | Reached XP level 10. HP: 57/57 MP: 4/28
    10 | D        | Reached XP level 11. HP: 60/60 MP: 4/29
    10 | D        | Killed a meat berserker
    10 | D        | Reached * piety under Makhleb
    10 | D        | Noticed a bag of meat
    10 | D        | Noticed a bag of meat
    10 | D        | Noticed a bag of meat
    10 | D        | Noticed a bag of meat
    11 | D        | Reached skill level 15 in Spellcasting
    11 | D        | Gained mutation: Your thick and shaggy fur keeps you warm.
                  | (AC +3, rC+) [Felid growth]
    11 | D        | Reached XP level 12. HP: 34/73 MP: 4/32
    11 | D        | Reached XP level 13. HP: 35/76 MP: 4/33
    11 | D        | Noticed a bag of meat
    11 | D        | Killed a meat berserker
    11 | D        | Noticed a meat berserker
    11 | D        | Noticed a bag of meat
    11 | D        | Annihilated by a meat berserker
    12 | D        | Reached XP level 12. HP: -39/73 MP: 4/32
    12 | D        | Reached skill level 27 in Dodging
    12 | D        | Reached XP level 13. HP: 84/84 MP: 33/33
    12 | D        | Reached XP level 14. HP: 88/88 MP: 34/34
    12 | D        | Noticed a bag of meat
    12 | D        | Noticed a bag of meat
    12 | D        | Noticed a bag of meat
    12 | D        | Noticed a bag of meat
    12 | D        | Noticed a bag of meat
    12 | D        | Noticed a bag of meat
    13 | D        | Noticed a meat berserker
    13 | D        | Noticed a bag of meat
    14 | D        | Noticed a bag of meat
    14 | D        | Noticed a bag of meat
    14 | D        | Noticed a bag of meat
    14 | D        | Noticed a bag of meat
    15 | D        | Noticed a meat berserker
    16 | D        | Noticed a meat berserker
    16 | D        | Noticed a bag of meat
    16 | D        | Noticed a meat berserker
    16 | D        | Noticed a bag of meat
    18 | D        | Killed a meat berserker
    18 | D        | Noticed a meat berserker
    18 | D        | Noticed a bag of meat
    18 | D        | Noticed a bag of meat
    19 | D        | Reached skill level 27 in Fighting
    19 | D        | Reached skill level 5 in Ice Magic
    19 | D        | Reached XP level 15. HP: 95/95 MP: 35/35
    19 | D        | Killed a meat berserker
    19 | D        | Reached ** piety under Makhleb
    20 | D        | Reached skill level 5 in Evocations
    20 | D        | Slain by a meat berserker
    21 | D        | Reached XP level 14. HP: 0/91 MP: 35/35
    22 | D        | Noticed a bag of meat
    23 | D        | Noticed a bag of meat
    23 | D        | Noticed a large bag of meat
    24 | D        | Noticed a bag of meat
    24 | D        | Noticed a bag of meat
    24 | D        | Noticed a meat berserker
    24 | D        | Noticed a bag of meat
    24 | D        | Noticed a destroyer
    25 | D        | Noticed a bag of meat
    25 | D        | Noticed a destroyer
    25 | D        | Noticed a bag of meat
    25 | D        | Noticed a meat berserker
    25 | D        | Noticed a bag of meat
    25 | D        | Noticed a bag of meat
    25 | D        | Noticed a bag of meat
    25 | D        | Noticed a bag of meat
    25 | D        | Noticed a large bag of meat
    25 | D        | Noticed a large bag of meat
    25 | D        | Noticed a bag of meat
    25 | D        | Noticed a bag of meat
    25 | D        | Noticed a meat berserker
    25 | D        | Noticed a bag of meat
    25 | D        | Noticed a large bag of meat
    25 | D        | Noticed a destroyer
    25 | D        | Noticed a meat berserker
    25 | D        | Noticed a bag of meat
    25 | D        | Noticed a bag of meat
    25 | D        | Noticed a bag of meat
    26 | D        | Noticed a bag of meat
    26 | D        | Noticed a bag of meat
    26 | D        | Noticed a bag of meat
    26 | D        | Noticed a bag of meat
    27 | D        | Noticed a large bag of meat
    27 | D        | Annihilated by a large bag of meat
    28 | D        | Reached XP level 13. HP: -40/87 MP: 34/34
    28 | D        | Noticed a bag of meat
    28 | D        | Noticed a bag of meat
    28 | D        | Noticed a bag of meat
    28 | D        | Noticed a bag of meat
    28 | D        | Noticed a bag of meat
    28 | D        | Noticed a bag of meat
    28 | D        | Noticed a bag of meat
    28 | D        | Noticed a bag of meat
    28 | D        | Noticed a meat berserker
    29 | D        | Noticed a destroyer
    30 | D        | Noticed a meat berserker
    31 | D        | Killed a bag of meat
    31 | D        | Noticed a bag of meat
    32 | D        | Reached XP level 14. HP: 26/91 MP: 35/35
    32 | D        | Killed a bag of meat
    32 | D        | Mangled by a bag of meat

Illustrated notes

Levels and vault maps discovered:
D:        meatsprint

Skill      XL: |  1  2  3  4  5  6  7  8  9 10 11 12 13 14 15 |
---------------+----------------------------------------------+-----
Fighting       | 14 20 25 27 | 27.0
Dodging        | 18 25 27 | 27.0
Spellcasting   | 13 15 16 | 16.2
Translocations | 19 20 21 | 21.8
Stealth        | 11 6 9 | 11.1
Unarmed Combat | 8 4 7 |  8.3
Conjurations   | 7 3 6 |  7.2
Hexes          | 11 6 9 | 11.1
Summonings     | 7 4 6 |  7.9
Necromancy     | 7 4 6 |  7.9
Transmutations | 8 4 7 |  8.7
Fire Magic     | 7 3 6 |  7.2
Ice Magic      | 8 5 7 |  8.3
Air Magic      | 7 3 6 |  7.2
Earth Magic    | 7 3 6 |  7.2
Poison Magic   | 7 3 6 |  7.2
Invocations    | 7 4 6 |  7.9
Evocations     | 7 5 |  7.1

Action                   |  1- 3 |  4- 6 |  7- 9 | 10-12 | 13-15 || total
-------------------------+-------+-------+-------+-------+-------++-------
Melee: Unarmed           |     1 |       |       |     1 |     6 ||     8
  Use: Scroll            |       |       |       |       |     1 ||     1
Dodge: Dodged            |     1 |       |       |       |     5 ||     6

Table legend: (Time is in decaauts)
 A = Elapsed time spent in this place.
 B = Non-inter-level travel time spent in this place.
 C = Inter-level travel time spent in this place.
 D = Time resting spent in this place.
 E = Time spent auto-exploring this place.
 F = Levels seen in this place.
 G = Mean time per level.
                   A        B        C        D        E       F      G
               +--------+--------+--------+--------+--------+-----+--------+
         Total |     29 |     29 |      0 |      0 |      0 |   1 |   29.0 |
       Dungeon |     29 |     29 |      0 |      0 |      0 |   1 |   29.0 |
               +--------+--------+--------+--------+--------+-----+--------+

Top non-repeatable levels by time:
       D: 29 daAuts
